[Event "Titled Tuesday Blitz January 10 Early 2023"]
[White "Hernandez Bonilla, Amelia"]
[Black "Nugumanov, Bakhtiyar"]
[WhiteFideId "3900193"]
[BlackFideId "13701797"]
[WhiteElo "1960"]
[BlackElo "2316"]
[Result "1-0"]
[Round "06"]
[TimeControl "180+2"]
[Date "2023.01.10"]
[WhiteClock "0:00:13"]
[BlackClock "0:00:01"]

1. d4 Nf6 2. Nf3 e6 3. c4 c5 4. d5 exd5 5. cxd5 d6 6. Nc3 Be7 7. e4 O-O 8. Be2 Bg4 9. O-O Nbd7 10. h3 Bh5 11. Re1 Re8 12. Bf4 Bf8 13. Nd2 Bxe2 14. Qxe2 Ne5 15. Bg3 a6 16. a4 Qc7 17. f4 Ng6 18. Nc4 Qd7 19. Qf3 Rab8 20. Rad1 b5 21. axb5 axb5 22. Na5 b4 23. e5 bxc3 24. exf6 cxb2 25. Nc6 Rb5 26. Rb1 Re4 27. Rxe4 gxf6 28. Re2 f5 29. Rexb2 Rxb2 30. Rxb2 Bg7 31. Rb1 Bf8 32. Qf2 Qe8 33. Qe1 Qd7 34. Qa5 h5 35. Qa6 h4 36. Bh2 Qe8 37. Qa5 Qe3+ 38. Kh1 Nxf4 39. Bxf4 Qxf4 40. Qd8 1-0


[Site "https://www.chess.com"]

[Event "Titled Tuesday Blitz January 10 Early 2023"]
[White "Barbashin, Igor"]
[Black "Chos, Alexey"]
[WhiteFideId "4155718"]
[BlackFideId "14117762"]
[WhiteElo "2169"]
[BlackElo "2296"]
[Result "0-1"]
[Round "06"]
[TimeControl "180+2"]
[Date "2023.01.10"]
[WhiteClock "0:00:01"]
[BlackClock "0:00:59"]

1. d4 Nf6 2. c4 g6 3. Nc3 Bg7 4. e4 d6 5. Nf3 O-O 6. Be2 Bg4 7. Ng1 Bc8 8. Nf3 Bg4 9. Ng1 Bxe2 10. Ngxe2 c5 11. d5 a6 12. a4 Nbd7 13. O-O Ne5 14. b3 Ned7 15. Bd2 e6 16. Bf4 e5 17. Bg5 h6 18. Bd2 Nh5 19. g4 Nf4 20. Rc1 Qg5 21. Nxf4 exf4 22. Qf3 Be5 23. Ne2 f5 24. exf5 gxf5 25. h3 fxg4 26. Qxg4 Qxg4+ 27. hxg4 f3 28. Nc3 Bf4 29. Rcd1 Bxd2 30. Rxd2 Rf4 31. Kh2 Ne5 32. Rg1 Kh7 33. Kh3 Rg8 34. Rg3 Nxg4 35. Nd1 Ne5 0-1


[Site "https://www.chess.com"]

[Event "Titled Tuesday Blitz January 10 Early 2023"]
[White "Player, Edmund C"]
[Black "Sargissyan, Sargis"]
[WhiteFideId "406520"]
[BlackFideId "13303210"]
[WhiteElo "2204"]
[BlackElo "2234"]
[Result "1-0"]
[Round "06"]
[TimeControl "180+2"]
[Date "2023.01.10"]
[WhiteClock "0:00:12"]
[BlackClock "0:00:01"]

1. e4 c5 2. Nf3 d6 3. d4 cxd4 4. Nxd4 Nf6 5. Nc3 a6 6. h3 e6 7. g4 d5 8. Nde2 Bb4 9. Bg2 Nxe4 10. Bxe4 dxe4 11. Qxd8+ Kxd8 12. O-O Nc6 13. Nxe4 Ke7 14. Be3 f5 15. N4g3 fxg4 16. hxg4 e5 17. Nf5+ Bxf5 18. gxf5 Rhf8 19. Bg5+ Kf7 20. Rad1 Kg8 21. Ng3 h6 22. Be3 Ne7 23. a3 Ba5 24. Rd7 Nxf5 25. Rxb7 Nxe3 26. fxe3 Rxf1+ 27. Kxf1 Rc8 28. c3 Re8 29. Ke2 g6 30. Ne4 Rf8 31. Ra7 h5 32. Rxa6 Bd8 33. Rxg6+ Kh7 34. Re6 Rf5 35. Re8 Bb6 36. Re6 1-0


[Site "https://www.chess.com"]

[Event "Titled Tuesday Blitz January 10 Early 2023"]
[White "Doluhanova, Evgeniya"]
[Black "Lauridsen, Jesper Morch"]
[WhiteFideId "14112035"]
[BlackFideId "1401890"]
[WhiteElo "2275"]
[BlackElo "2309"]
[Result "1-0"]
[Round "06"]
[TimeControl "180+2"]
[Date "2023.01.10"]
[WhiteClock "0:01:24"]
[BlackClock "0:01:29"]

1. Nf3 Nf6 2. g3 g6 3. Bg2 Bg7 4. O-O O-O 5. d3 d5 6. c3 c5 7. Nbd2 Nc6 8. e4 dxe4 9. Nxe4 Nxe4 10. dxe4 Qxd1 11. Rxd1 Bg4 12. h3 Be6 13. Be3 b6 14. Rd2 Rfd8 15. Ng5 Rxd2 16. Bxd2 Rd8 17. Be3 Bc4 18. b3 Ba6 19. Rc1 Rd3 20. Bf1 Rxe3 21. fxe3 Bh6 22. Bxa6 Bxg5 23. Kf2 Ne5 24. Rd1 h5 25. Rd5 f6 26. Be2 h4 27. g4 Kf7 28. Rd8 Ke6 29. Ra8 Nc6 30. Bb5 Kd6 31. Bxc6 Kxc6 32. Rxa7 f5 33. exf5 gxf5 34. gxf5 b5 35. a4 b4 36. cxb4 cxb4 37. Kf3 Bf6 38. e4 Kc5 39. Rd7 Kc6 40. Rd5 1-0


[Site "https://www.chess.com"]

[Event "Titled Tuesday Blitz January 10 Early 2023"]
[White "Fernandez Siles, Luis"]
[Black "Sailer, Mike"]
[WhiteFideId "2209420"]
[BlackFideId "2012901"]
[WhiteElo "2218"]
[BlackElo "2109"]
[Result "1-0"]
[Round "06"]
[TimeControl "180+2"]
[Date "2023.01.10"]
[WhiteClock "0:00:41"]
[BlackClock "0:00:03"]

1. d4 d5 2. c4 Bf5 3. Nc3 e6 4. Nf3 Nc6 5. e3 Nb4 6. e4 dxe4 7. Nd2 e3 8. Nde4 exf2+ 9. Kxf2 Nf6 10. Ng3 Bc2 11. Qf3 Qxd4+ 12. Be3 Ng4+ 13. Ke2 Bd3+ 14. Kd2 Nxe3 15. Qxe3 Qxe3+ 16. Kxe3 Bxf1 17. Raxf1 Bc5+ 18. Ke2 O-O-O 19. Rxf7 Nd3 20. Nge4 Bb4 21. Rxg7 Nxb2 22. Rf1 Rhf8 23. Rxf8 Rxf8 24. Rxh7 Nxc4 25. g4 Ne5 26. g5 Rg8 27. h4 Ng6 28. Nb5 a6 29. Nxc7 Nf4+ 30. Kf3 Nd5 31. Nxe6 Nc3 32. Nf6 Rg6 33. h5 Rxf6+ 34. gxf6 Nd5 35. f7 Nf6 36. Rh8+ Kd7 37. f8=Q Bxf8 38. Nxf8+ Ke7 39. Ng6+ Kf7 40. Nf4 Kg7 41. Rb8 1-0


[Site "https://www.chess.com"]

[Event "Titled Tuesday Blitz January 10 Early 2023"]
[White "Gatterer, Florian"]
[Black "Tarnowska, Aleksandra"]
[WhiteFideId "811688"]
[BlackFideId "1180967"]
[WhiteElo "2170"]
[BlackElo "1835"]
[Result "1-0"]
[Round "06"]
[TimeControl "180+2"]
[Date "2023.01.10"]
[WhiteClock "0:00:30"]
[BlackClock "0:00:01"]

1. d4 d5 2. c4 e6 3. Nc3 Nf6 4. Nf3 Be7 5. Bf4 O-O 6. e3 c6 7. c5 b6 8. b4 Bb7 9. Bd3 a5 10. a3 axb4 11. axb4 Nbd7 12. h3 Rxa1 13. Qxa1 Qa8 14. O-O h6 15. Qb2 g5 16. Bg3 Nh5 17. Bh2 f5 18. Ra1 Qc8 19. Qc2 Ndf6 20. Ne5 Bd8 21. g4 Ng7 22. f4 Ne4 23. Kh1 Kh7 24. Rg1 bxc5 25. bxc5 Ba6 26. Nxe4 fxe4 27. Be2 Bxe2 28. Qxe2 gxf4 29. Bxf4 Bh4 30. g5 hxg5 31. Bxg5 Bxg5 32. Rxg5 Qe8 33. Qg4 Qe7 34. Qh4+ Kg8 35. Ng6 Qf6 36. Qh8+ Kf7 37. Qxf8# 1-0


[Site "https://www.chess.com"]

[Event "Titled Tuesday Blitz January 10 Early 2023"]
[White "Clawitter, Craig"]
[Black "Gressmann, Moritz"]
[WhiteFideId "2023105"]
[BlackFideId "24695084"]
[WhiteElo "2050"]
[BlackElo "2129"]
[Result "0-1"]
[Round "06"]
[TimeControl "180+2"]
[Date "2023.01.10"]
[WhiteClock "0:00:03"]
[BlackClock "0:01:21"]

1. e4 d5 2. exd5 Qxd5 3. Nc3 Qa5 4. d4 Nf6 5. Nf3 c6 6. Ne5 Bf5 7. g4 Be4 8. Nc4 Qc7 9. Nxe4 Nxe4 10. Qf3 Nf6 11. Bf4 Qd7 12. g5 Nd5 13. Bh3 e6 14. Ne5 Qe7 15. Bd2 Nd7 16. Nxd7 Qxd7 17. O-O-O O-O-O 18. Rhe1 Kb8 19. Kb1 Ka8 20. c4 Nb6 21. Rc1 Qxd4 22. Bc3 Qd3+ 23. Qxd3 Rxd3 0-1


[Site "https://www.chess.com"]

[Event "Titled Tuesday Blitz January 10 Early 2023"]
[White "Matveeva, Olga"]
[Black "Cardozo Munar, Carlos Eduardo"]
[WhiteFideId "24107018"]
[BlackFideId "4409477"]
[WhiteElo "2128"]
[BlackElo "2043"]
[Result "1/2-1/2"]
[Round "06"]
[TimeControl "180+2"]
[Date "2023.01.10"]
[WhiteClock "0:00:02"]
[BlackClock "0:00:07"]

1. d4 d5 2. c4 e5 3. dxe5 d4 4. Nf3 Nc6 5. a3 Nge7 6. e3 Bg4 7. Be2 dxe3 8. Bxe3 Qxd1+ 9. Bxd1 Ng6 10. Nc3 Ngxe5 11. Nxe5 Nxe5 12. O-O Bxd1 13. Rfxd1 c6 14. b3 Be7 15. h3 O-O 16. f4 Ng6 17. Kf2 Rad8 18. b4 Bf6 19. Rac1 a6 20. Na4 b5 21. cxb5 cxb5 22. Nc5 Bb2 23. Rb1 Rxd1 24. Rxd1 Bxa3 25. Nxa6 h6 26. Bc5 Ra8 27. Nc7 Ra4 28. Rb1 Nxf4 29. Nxb5 Bxb4 30. Be3 Nd5 31. Bd4 Kh7 32. Kf3 Ra5 33. Na7 Bc3 34. Bxc3 Rxa7 35. Bd4 Rd7 36. Bf2 Nf6 37. g4 g6 38. Rb3 h5 39. Ra3 hxg4+ 40. hxg4 Rd3+ 41. Rxd3 Kg7 42. Ra3 Nd5 43. Ke4 Nb4 44. Bd4+ Kh6 45. Kf4 Nd5+ 46. Kg3 f5 47. Ra5 Ne7 48. Ra7 Nc6 49. Be3+ g5 50. Bd2 Nxa7 51. gxf5 Nb5 52. Kg4 Nd6 53. Bxg5+ Kg7 54. f6+ Kf7 55. Bh6 Kxf6 1/2-1/2


[Site "https://www.chess.com"]

[Event "Titled Tuesday Blitz January 10 Early 2023"]
[White "Guimaraes, Wagner Peixoto"]
[Black "Guevara Sanchez, Erick Marvin"]
[WhiteFideId "2100940"]
[BlackFideId "6700136"]
[WhiteElo "2194"]
[BlackElo "2073"]
[Result "1/2-1/2"]
[Round "06"]
[TimeControl "180+2"]
[Date "2023.01.10"]
[WhiteClock "0:00:14"]
[BlackClock "0:00:28"]

1. e4 c5 2. Nc3 Nc6 3. g3 g6 4. Bg2 Bg7 5. d3 e6 6. Be3 b6 7. h4 h5 8. Qd2 Nge7 9. Nh3 O-O 10. Bh6 Bb7 11. Bxg7 Kxg7 12. O-O-O d5 13. exd5 exd5 14. Nf4 d4 15. Ne4 Nd5 16. Ng5 Nxf4 17. Qxf4 Qf6 18. Qxf6+ Kxf6 19. Nh7+ Kg7 20. Nxf8 Kxf8 21. Rhe1 Rb8 22. a3 Ne7 23. Bxb7 Rxb7 24. Re5 Nc6 25. Rd5 Kg7 26. Re1 Ne7 27. Rde5 Nc6 28. R5e4 Kf6 29. Kd2 Kg7 30. f4 Kf8 31. Re8+ Kg7 32. Rc8 Ne7 33. Re8 Nf5 34. Rg1 Kf6 35. c3 Rd7 36. c4 Nd6 37. Re5 Nf5 38. b3 Rc7 39. a4 a5 40. Ke2 Rd7 41. Kf3 Ne3 42. Rxe3 dxe3 43. Kxe3 Kf5 44. Rf1 Kg4 45. f5 Kxg3 46. fxg6 fxg6 47. Rf6 Re7+ 48. Kd2 Kxh4 49. Rxg6 Rb7 50. Kc3 Kh3 51. d4 cxd4+ 52. Kxd4 h4 53. Kd5 Rd7+ 54. Kc6 Rd3 55. Kxb6 Rxb3+ 56. Kxa5 Kh2 57. Rh6 h3 58. c5 Kg2 59. c6 Rc3 60. Kb6 h2 61. Rxh2+ Kxh2 62. a5 Kg3 63. a6 Kf4 64. a7 Rb3+ 65. Kc7 Ra3 66. Kb7 Rb3+ 67. Ka8 Rc3 68. Kb8 Rb3+ 69. Kc8 Ra3 70. Kb7 Rb3+ 71. Kc8 Ra3 72. c7 Rxa7 73. Kb8 Rxc7 74. Kxc7 1/2-1/2


[Site "https://www.chess.com"]

[Event "Titled Tuesday Blitz January 10 Early 2023"]
[White "Simonovic, Miroslav"]
[Black "Pinero Rodriguez, Carlos Jose"]
[WhiteFideId "919152"]
[BlackFideId "3901726"]
[WhiteElo "2082"]
[BlackElo "2246"]
[Result "1-0"]
[Round "06"]
[TimeControl "180+2"]
[Date "2023.01.10"]
[WhiteClock "0:00:40"]
[BlackClock "0:00:21"]

1. d4 Nf6 2. Bg5 Ne4 3. h4 Nxg5 4. hxg5 e6 5. f4 c5 6. d5 e5 7. g3 d6 8. e3 a6 9. c4 Bd7 10. Nc3 b5 11. cxb5 axb5 12. Bxb5 Qa5 13. Bd3 Be7 14. Nf3 Bg4 15. Kf2 Nd7 16. Qc2 h5 17. gxh6 Rxh6 18. Rxh6 gxh6 19. Bf5 Nf6 20. fxe5 dxe5 21. Nxe5 Qb4 22. Bxg4 Nxg4+ 23. Nxg4 Qxg4 24. Qe4 Qg5 25. d6 Qf6+ 26. Kg2 Rb8 27. Qxe7+ Qxe7 28. dxe7 Rxb2+ 29. Kf3 Kxe7 30. a4 Rb7 31. a5 Ra7 32. a6 Kd6 33. Nb5+ 1-0


[Site "https://www.chess.com"]

[Event "Titled Tuesday Blitz January 10 Early 2023"]
[White "Broca Jimenez, Fernando"]
[Black "Mendez Machado, Andre"]
[WhiteFideId "5104742"]
[BlackFideId "6603793"]
[WhiteElo "2075"]
[BlackElo "1974"]
[Result "1-0"]
[Round "06"]
[TimeControl "180+2"]
[Date "2023.01.10"]
[WhiteClock "0:00:02"]
[BlackClock "0:00:02"]

1. e4 e5 2. Nf3 Nc6 3. Bb5 a6 4. Ba4 Nf6 5. O-O b5 6. Bb3 Bc5 7. c3 d6 8. d4 Bb6 9. dxe5 Nxe5 10. Nxe5 dxe5 11. Qxd8+ Kxd8 12. Bxf7 Rf8 13. Bd5 Nxd5 14. exd5 Bb7 15. Na3 Bxd5 16. Nc2 Ke7 17. Be3 Bxe3 18. Nxe3 Be6 19. Rfd1 Rad8 20. b3 Rxd1+ 21. Rxd1 Rd8 22. Rxd8 Kxd8 23. Kf1 Kd7 24. Ke2 Kd6 25. Kd3 g6 26. g4 Bd5 27. c4 Bf3 28. cxb5 axb5 29. a4 bxa4 30. bxa4 Kc5 31. a5 Kb5 32. h3 Kxa5 33. Nc4+ Kb4 34. Nxe5 Bg2 35. h4 Bh3 36. f3 c5 37. Kc2 c4 38. Nc6+ Kc5 39. Nd8 Bg2 40. f4 Be4+ 41. Kc3 Bf3 42. g5 Be4 43. Ne6+ 1-0


[Site "https://www.chess.com"]

[Event "Titled Tuesday Blitz January 10 Early 2023"]
[White "Rosh Jain"]
[Black "Vaglio Munoz, Jaime"]
[WhiteFideId "25789465"]
[BlackFideId "6500145"]
[WhiteElo "2248"]
[BlackElo "2174"]
[Result "1-0"]
[Round "06"]
[TimeControl "180+2"]
[Date "2023.01.10"]
[WhiteClock "0:00:46"]
[BlackClock "0:01:41"]

1. e4 c5 2. Nf3 Qa5 3. Nc3 a6 4. d4 b5 5. dxc5 e6 6. Bd2 b4 7. Ne2 Bxc5 8. Nf4 Bb7 9. Nd3 Be7 10. a3 Bxe4 11. axb4 Qc7 12. Be2 Nf6 13. O-O O-O 14. Bc3 d6 15. Nf4 Qb7 16. Nd2 Bc6 17. Nb3 Bb5 18. Bf3 d5 19. Re1 Ne4 20. Bxe4 dxe4 21. Qg4 g6 22. Nh5 f5 23. Qg3 Qc8 24. Qe5 Kf7 25. Qg7+ Ke8 26. Nf4 Rf7 27. Qg8+ Kd7 28. Qxf7 Bc4 29. Rad1+ Kc6 30. Qxe7 Nd7 31. Rd6+ Kb7 32. Rxd7+ Kb8 33. Qd6+ Qc7 34. Qxc7# 1-0


[Site "https://www.chess.com"]

[Event "Titled Tuesday Blitz January 10 Early 2023"]
[White "Kovacevic, Radmila"]
[Black "Rosenberg, Evan S"]
[WhiteFideId "933171"]
[BlackFideId "2019299"]
[WhiteElo "2106"]
[BlackElo "1956"]
[Result "1-0"]
[Round "06"]
[TimeControl "180+2"]
[Date "2023.01.10"]
[WhiteClock "0:00:14"]
[BlackClock "0:00:14"]

1. e4 e5 2. d4 exd4 3. c3 Qe7 4. Qxd4 Nc6 5. Qe3 Nf6 6. Bd3 d5 7. Nd2 dxe4 8. Nxe4 Nd5 9. Qe2 Ne5 10. Bc2 Bg4 11. Qb5+ c6 12. Qa4 f5 13. Bg5 Qe6 14. f3 fxe4 15. fxg4 Nd3+ 16. Bxd3 exd3+ 17. Kd2 Be7 18. Bxe7 Qe3+ 19. Kd1 Qxe7 20. Nf3 Qe2+ 21. Kc1 O-O 22. Qd1 Qxg2 23. Nh4 Qe2 24. Nf5 Ne3 25. Qxe2 dxe2 26. Nxe3 Rae8 27. Kd2 Rf2 28. Rae1 Rd8+ 29. Kc1 Rd3 30. Nc2 g5 31. h4 gxh4 32. Rxh4 Rf1 33. Rh1 Rxh1 34. Rxh1 Rg3 35. Re1 Rxg4 36. Rxe2 h5 37. Kd2 h4 38. Ne3 Rg3 39. Nf5 Rh3 40. Rg2+ Kf8 41. b4 Rh1 42. Rg4 h3 43. Rh4 h2 44. Ne3 Ra1 45. Rxh2 Rxa2+ 46. Nc2 a5 47. bxa5 Rxa5 48. Kd3 Rd5+ 49. Kc4 b5+ 50. Kb3 Rf5 51. Nd4 Rf6 52. Rh5 Ke7 53. Rc5 Kd7 54. Kb4 Kc7 55. Nxb5+ Kb6 56. Nd4 Rf1 57. Rxc6+ Kb7 58. Rh6 Rb1+ 59. Kc4 Ra1 60. Nb5 Ra4+ 61. Kb3 Rg4 62. c4 Rg3+ 63. Kb4 Rg1 64. Kc5 Rg5+ 65. Kb4 Rg4 66. Ka5 Rxc4 67. Nd6+ Kc6 68. Nxc4+ Kc5 69. Nb6 Kd4 70. Rh5 Ke4 71. Rd5 Kf4 72. Kb5 Ke4 73. Kc5 Kf4 74. Kd4 Kf3 75. Re5 Kf4 76. Nd5+ Kg4 77. Ke4 Kg3 78. Rf5 Kg2 79. Rf4 Kg1 80. Rf3 Kg2 81. Ke3 Kg1 82. Rf2 Kh1 83. Nf4 Kg1 84. Ne2+ Kh1 85. Ng3+ Kg1 86. Ne2+ Kh1 87. Nd4 Kg1 88. Kf3 Kh1 89. Kg3 Kg1 90. Nf3+ Kh1 91. Rf1# 1-0


[Site "https://www.chess.com"]

[Event "Titled Tuesday Blitz January 10 Early 2023"]
[White "Tuleyeva-Aketayeva, Dana"]
[Black "Bove, Alessandro"]
[WhiteFideId "13701932"]
[BlackFideId "814121"]
[WhiteElo "2130"]
[BlackElo "2311"]
[Result "1/2-1/2"]
[Round "06"]
[TimeControl "180+2"]
[Date "2023.01.10"]
[WhiteClock "0:00:10"]
[BlackClock "0:01:24"]

1. d4 g6 2. Nf3 Bg7 3. g3 c5 4. c3 cxd4 5. cxd4 d6 6. Bg2 Nf6 7. O-O O-O 8. Nc3 Nc6 9. e4 a6 10. h3 Bd7 11. e5 dxe5 12. Nxe5 Rc8 13. Nxd7 Qxd7 14. Be3 e6 15. Qe2 Rfd8 16. Rfd1 b5 17. a3 Na5 18. d5 exd5 19. Bb6 Nb3 20. Bxd8 Rxd8 21. Rab1 d4 22. Ne4 Nxe4 23. Qxe4 Nc5 24. Qc6 Qxc6 25. Bxc6 d3 26. Bg2 Na4 27. Rd2 Bxb2 28. Rbd1 Bxa3 29. Rxd3 Rxd3 30. Rxd3 Nc5 31. Rd8+ Kg7 32. Bf1 b4 33. Rb8 b3 34. Bc4 b2 35. Ba2 a5 36. Rb5 Bb4 37. Rb7 Na4 38. Rxf7+ Kh6 39. Rf3 Nc3 40. Rxc3 Bxc3 41. Kf1 Kg5 42. Ke2 h5 43. f3 Kf5 44. Bb1+ Kf6 45. Kd3 Be1 46. g4 hxg4 47. hxg4 Bg3 48. Ke4 g5 49. Kd3 Ke5 50. Kc2 Kf4 51. Kxb2 Kxf3 52. Bf5 Ke3 53. Kb3 Be1 54. Ka4 Bb4 55. Bd7 Kd4 56. Bf5 Kc3 57. Bc8 Kd4 58. Bf5 Ke5 59. Bc8 Kd6 60. Bf5 Kc7 61. Bc2 Kd6 62. Bf5 Ke7 63. Bb1 Kf6 64. Bf5 Ke5 65. Bb1 Kd4 66. Bf5 1/2-1/2


[Site "https://www.chess.com"]

[Event "Titled Tuesday Blitz January 10 Early 2023"]
[White "ritanovikova"]
[Black "Zanette, Edgard Vinicius"]
[BlackFideId "2109263"]
[WhiteElo "2112"]
[BlackElo "2085"]
[Result "1-0"]
[Round "06"]
[TimeControl "180+2"]
[Date "2023.01.10"]
[WhiteClock "0:00:22"]
[BlackClock "0:00:01"]

1. d4 Nf6 2. Bf4 e6 3. Nd2 d5 4. e3 Bd6 5. Bg3 O-O 6. Ngf3 c5 7. c3 Qc7 8. Ne5 Nbd7 9. Ndf3 Ne4 10. Nxd7 Bxd7 11. Bxd6 Qxd6 12. Ne5 cxd4 13. exd4 f6 14. Nxd7 Qxd7 15. Bd3 f5 16. f3 Nd6 17. O-O b5 18. a3 Nc4 19. Qe2 a6 20. Rfe1 Rae8 21. b3 Nd6 22. a4 Qc6 23. Rec1 Rf7 24. axb5 axb5 25. Ra5 Rb7 26. Qa2 b4 27. Ra6 Rb6 28. Ra5 bxc3 29. Rc5 Qb7 30. R1xc3 Ra8 31. Qe2 Ra1+ 32. Kf2 Qe7 33. g3 Rb7 34. Qb2 Rba7 35. Qe2 f4 36. b4 fxg3+ 37. hxg3 h5 38. Qe5 h4 39. Qh5 hxg3+ 40. Kg2 R7a2+ 41. Rc2 Rxc2+ 42. Rxc2 Nf5 43. Bxf5 exf5 44. Qxf5 Qe1 45. Qxd5+ Kh7 46. Qh5+ Kg8 47. Rc8+ 1-0


[Site "https://www.chess.com"]

[Event "Titled Tuesday Blitz January 10 Early 2023"]
[White "Cruz Gomez, Miguel Angel"]
[Black "Kuchava, Ana"]
[WhiteFideId "5137160"]
[BlackFideId "13605348"]
[WhiteElo "1950"]
[BlackElo "2101"]
[Result "1-0"]
[Round "06"]
[TimeControl "180+2"]
[Date "2023.01.10"]
[WhiteClock "0:01:35"]
[BlackClock "0:01:00"]

1. e4 c5 2. Nc3 Nc6 3. Bb5 Nd4 4. Nf3 Nxb5 5. Nxb5 a6 6. Nc3 b5 7. d4 cxd4 8. Qxd4 Bb7 9. Bg5 h6 10. Bh4 d6 11. O-O-O Nf6 12. e5 dxe5 13. Qxe5 Qb6 14. Rhe1 e6 15. Bxf6 gxf6 16. Qxf6 Rg8 17. Ne5 Qc7 18. Rd7 Qxd7 19. Nxd7 Bg7 20. Rxe6+ fxe6 21. Qxe6+ Kd8 22. Qxg8+ Kxd7 23. Qxg7+ Kc6 24. Qxh6+ Kc7 25. Qg7+ Kb6 26. h4 Re8 27. Kd2 Rd8+ 28. Ke1 Re8+ 29. Kf1 Bc6 30. Qd4+ Kb7 31. h5 Rg8 32. f3 Rg5 33. h6 Rh5 34. Qg7+ Kb6 35. h7 1-0


[Site "https://www.chess.com"]

[Event "Titled Tuesday Blitz January 10 Early 2023"]
[White "Vargas, Mauricio"]
[Black "Ivanova, Karina"]
[WhiteFideId "4404572"]
[BlackFideId "24139750"]
[WhiteElo "2035"]
[BlackElo "2085"]
[Result "0-1"]
[Round "06"]
[TimeControl "180+2"]
[Date "2023.01.10"]
[WhiteClock "0:00:01"]
[BlackClock "0:00:16"]

1. e4 c6 2. d4 d5 3. e5 Bf5 4. g4 Bd7 5. Nc3 e6 6. h4 c5 7. Nce2 Nc6 8. c3 cxd4 9. cxd4 Qb6 10. a3 Nge7 11. Nf3 h5 12. g5 Nf5 13. Bh3 g6 14. O-O Be7 15. b4 a5 16. bxa5 Rxa5 17. a4 O-O 18. Bxf5 exf5 19. Nc3 Be6 20. Be3 Rfa8 21. Nb5 Nb4 22. Bd2 Bd7 23. Nc3 Bc6 24. Ne2 Rxa4 25. Rb1 Qc7 26. Nf4 Qd7 27. Qe1 Nc2 28. Qd1 Na3 29. Rc1 Nc4 30. Bc3 Qe8 31. e6 fxe6 32. Nxe6 Qf7 33. Nc5 Ra3 34. Ne5 Nxe5 35. dxe5 Bxc5 36. Bb2 R3a5 37. Qd2 Bf8 38. Qc3 Bg7 39. Rfe1 Qe6 40. Qb3 Rb5 41. Qc3 Rba5 42. Qb3 Ra4 43. Qc3 Rxh4 44. Qg3 Rg4 0-1


[Site "https://www.chess.com"]

[Event "Titled Tuesday Blitz January 10 Early 2023"]
[White "Forgacs, Attila Jr."]
[Black "Mohammadian, Mohammad"]
[WhiteFideId "773654"]
[BlackFideId "12566055"]
[WhiteElo "2264"]
[BlackElo "1398"]
[Result "1-0"]
[Round "06"]
[TimeControl "180+2"]
[Date "2023.01.10"]
[WhiteClock "0:01:45"]
[BlackClock "0:00:37"]

1. e4 e5 2. Nf3 Nc6 3. Bb5 a6 4. Ba4 Nf6 5. O-O Be7 6. Re1 b5 7. Bb3 d6 8. c3 Na5 9. Bc2 c5 10. h3 Qc7 11. d4 O-O 12. Nbd2 Bd7 13. Nf1 h6 14. Ng3 Nc6 15. d5 Na5 16. Rf1 Nc4 17. b3 Nb6 18. Nh2 c4 19. b4 Qc8 20. f4 exf4 21. Bxf4 Bxh3 22. gxh3 Qxh3 23. Qf3 Nbd7 24. Nf5 Qxf3 25. Nxe7+ Kh8 26. Nxf3 Ne5 27. Nxe5 dxe5 28. Bxe5 Rfe8 29. d6 Nd7 30. Bd4 f6 31. Rae1 Ra7 32. e5 fxe5 33. Bxe5 Nxe5 34. Rxe5 Rd8 35. Ng6+ Kg8 36. Re7 Rad7 37. Rxd7 Rxd7 38. Rf8+ Kh7 39. Rh8# 1-0


[Site "https://www.chess.com"]

[Event "Titled Tuesday Blitz January 10 Early 2023"]
[White "Michalski, Olaf"]
[Black "Shcherbin, Matvei"]
[WhiteFideId "1106740"]
[BlackFideId "24125164"]
[WhiteElo "2273"]
[BlackElo "2366"]
[Result "0-1"]
[Round "06"]
[TimeControl "180+2"]
[Date "2023.01.10"]
[WhiteClock "0:00:02"]
[BlackClock "0:00:29"]

1. d4 Nf6 2. c4 e6 3. Nf3 d5 4. Nc3 Nbd7 5. Bg5 h6 6. Bh4 Be7 7. e3 O-O 8. Rc1 c5 9. cxd5 Nxd5 10. Bg3 cxd4 11. exd4 Nxc3 12. bxc3 Ba3 13. Rb1 Nb6 14. Bd3 Nd5 15. Rb3 Qa5 16. Qd2 Rd8 17. O-O Bd6 18. Ne5 Qc7 19. c4 Ne7 20. c5 Bxe5 21. Bxe5 Qc6 22. Qf4 f6 23. Bd6 Nd5 24. Qe4 f5 25. Qe5 Qe8 26. Bc4 Qf7 27. Rg3 Bd7 28. Re1 Re8 29. h4 Bc6 30. h5 b5 31. Bb3 a5 32. a3 Kh7 33. Rg6 Ra7 34. Rxe6 Rxe6 35. Qxe6 Qxe6 36. Rxe6 a4 37. Bc2 Rf7 38. Re5 b4 39. Bxf5+ Kh8 40. axb4 a3 41. Bb1 Nxb4 42. Re2 Ra7 43. Ba2 Nxa2 44. Rxa2 Bd5 45. Ra1 a2 46. Kf1 Rb7 47. c6 Rb1+ 48. Ke2 Rxa1 49. c7 Rc1 50. Bc5 Rxc5 51. dxc5 Bb7 52. c6 Bc8 0-1


[Site "https://www.chess.com"]

[Event "Titled Tuesday Blitz January 10 Early 2023"]
[White "Kleiman, Jake"]
[Black "Winkels, Marcel"]
[WhiteFideId "2020041"]
[BlackFideId "1003887"]
[WhiteElo "2399"]
[BlackElo "1960"]
[Result "1-0"]
[Round "06"]
[TimeControl "180+2"]
[Date "2023.01.10"]
[WhiteClock "0:00:14"]
[BlackClock "0:00:07"]

1. e4 c5 2. Nf3 e6 3. d3 Nc6 4. g3 g6 5. Bg5 Qb6 6. Nbd2 Bg7 7. Nc4 Qc7 8. Bf4 e5 9. Bd2 d6 10. a4 Nge7 11. Bg2 O-O 12. O-O h6 13. Nh4 Be6 14. b3 g5 15. Nf3 f5 16. exf5 Nxf5 17. Bc3 Nfd4 18. Nxd4 cxd4 19. Bb2 d5 20. Nd2 Rae8 21. Re1 Nd8 22. h3 Nf7 23. Nf3 g4 24. Nh4 gxh3 25. Bh1 Ng5 26. Qe2 Qd7 27. Rf1 e4 28. Rae1 Bg4 29. Qd2 Nf3+ 30. Bxf3 exf3 31. Kh2 h5 32. Qg5 Rxe1 33. Rxe1 Re8 34. Rxe8+ Qxe8 35. Bxd4 Qe2 36. Qxg7# 1-0


[Site "https://www.chess.com"]

[Event "Titled Tuesday Blitz January 10 Early 2023"]
[White "Souza, Gustavo Horokoski De"]
[Black "Trigo Urquijo, Sergio"]
[WhiteFideId "2146584"]
[BlackFideId "2262436"]
[WhiteElo "1943"]
[BlackElo "2408"]
[Result "0-1"]
[Round "06"]
[TimeControl "180+2"]
[Date "2023.01.10"]
[WhiteClock "0:00:07"]
[BlackClock "0:01:19"]

1. d4 Nf6 2. c4 g6 3. Nc3 d5 4. Nf3 Bg7 5. Bf4 O-O 6. e3 c6 7. Rc1 Be6 8. cxd5 Nxd5 9. Be5 f6 10. Bg3 Nd7 11. Bc4 N7b6 12. Bb3 Bf7 13. e4 Nxc3 14. Bxf7+ Rxf7 15. bxc3 Qd7 16. O-O Qe6 17. e5 Qxa2 18. exf6 exf6 19. Re1 Qd5 20. Ra1 Nc4 21. Qd3 b5 22. Nd2 Nxd2 23. Qxd2 a5 24. h3 a4 25. Re3 a3 26. Qe2 a2 27. Re8+ Rxe8 28. Qxe8+ Rf8 29. Qe2 Ra8 30. Qb2 f5 31. Bf4 Bf8 32. Bd2 Ra3 33. Bh6 Bd6 34. Bf4 Qb3 35. Bc1 Qxb2 36. Bxb2 Ra4 37. Kf1 b4 38. cxb4 Bxb4 39. Ke2 c5 40. dxc5 Bxc5 41. f3 Kf7 42. Kd3 Ke6 43. Kc2 Kd5 44. Kb3 Ra8 45. Rxa2 Rxa2 46. Kxa2 Kc4 47. Kb1 Kd3 48. Kc1 Ke2 49. g4 Kxf3 50. gxf5 gxf5 51. Bf6 Kg3 52. h4 f4 53. Kd1 f3 54. Ke1 Kg2 0-1


[Site "https://www.chess.com"]

[Event "Titled Tuesday Blitz January 10 Early 2023"]
[White "Buraczewski, Rafal"]
[Black "Novikova, Galina"]
[WhiteFideId "1155245"]
[BlackFideId "4157095"]
[WhiteElo "2123"]
[BlackElo "2073"]
[Result "0-1"]
[Round "06"]
[TimeControl "180+2"]
[Date "2023.01.10"]
[WhiteClock "0:00:40"]
[BlackClock "0:00:43"]

1. Nf3 e6 2. d4 f5 3. c4 Nf6 4. Nc3 Be7 5. g3 O-O 6. Bg2 d6 7. O-O a5 8. Qc2 Nc6 9. e4 Nb4 10. Qb1 Qe8 11. a3 Nc6 12. d5 Ne5 13. Nxe5 dxe5 14. Re1 exd5 15. Nxd5 Nxd5 16. exd5 Bf6 17. b4 Qh5 18. Bb2 f4 19. Qd1 Bg4 20. f3 Bh3 21. g4 Qh6 22. Bxe5 Bxg2 23. Kxg2 Bxe5 24. Rxe5 Qf6 25. Re6 Qb2+ 26. Re2 Qc3 27. Re7 axb4 28. Rc1 Qb2+ 29. Rc2 Qf6 30. Rxc7 bxa3 31. Rxb7 a2 32. Rc1 a1=Q 33. Rxa1 Rxa1 34. Rb1 Ra2+ 35. Kh1 Qh4 36. Qg1 Re8 37. d6 Ree2 38. d7 Rxh2+ 0-1


[Site "https://www.chess.com"]